 Dungeon Crawl Stone Soup version 0.31-a0-564-g3b7de120b3 (webtiles) character file.

Game seed: 6914446921880221701

326 lunkers the Insei (level 7, 0/52 HPs)
             Began as a Meteoran Shapeshifter on Aug 17, 2023.
             Was an Initiate of Okawaru.
             Succumbed to a gnoll's poison
             ... in the Ecumenical Temple.
             The game lasted 00:07:18 (1823 turns).

lunkers the Insei (Meteoran Shapeshifter)           Turns: 1823, Time: 00:07:19

Health: 0/52       AC:  5    Str: 16    XL:     7   Next: 7%
Magic:  2/8        EV: 11    Int: 10    God:    Okawaru [......]
Gold:   148        SH:  0    Dex: 17    Spells: 6/6 levels left

rFire   + .          .
                       - Unarmed
rCold   . . .        (no shield)
rNeg    . . .        m - +0 ring mail
rPois   .            (helmet currently unavailable)
rElec   .            (cloak currently unavailable)
rCorr   .            (gloves currently unavailable)
SInv    .            (boots currently unavailable)
Will    .....        g - amulet of guardian spirit
Stlth   +            i - ring of protection from fire
HPRegen 0.28/turn    (no ring)
MPRegen 0.11/turn

%: guardian spirit
@: lethally poisoned (0 -> -2), beast-form, glowing
A: beast (slay +3), sense surroundings 1, otherworldly, glowing, explore regen
a: Begin Untransformation, Renounce Religion


You were in the Ecumenical Temple.
You worshipped Okawaru.
Okawaru was noncommittal.
You were a hulking beast.
You visited 2 branches of the dungeon, and saw 5 of its levels.

You collected 148 gold pieces.

Inventory:

Armour
 m - a +0 ring mail (worn)
Jewellery
 g - an amulet of guardian spirit (around neck)
 i - a ring of protection from fire (left hand)
Talismans
 c - a beast talisman (active)
 d - a flux talisman
Potions
 h - 2 potions of curing
 j - 2 potions of cancellation
 l - 2 potions of enlightenment


   Skills:
 - Level 1.1 Fighting
 - Level 2.1 Dodging
 * Level 7.2 Unarmed Combat
 + Level 5.2 Shapeshifting


You had 6 spell levels left.
You didn't know any spells.
Your spell library contained the following spells:

 Spells                   Type           Power      Damage    Failure   Level
 Magic Dart               Conj           0%         1d3       58%         1
 Searing Ray              Conj           0%         2d4       73%         2
 Hailstorm                Conj/Ice       0%         3d3       91%         3
 Inner Flame              Hex/Fire       0%         N/A       91%         3
 Flame Wave               Conj/Fire      0%         2d4       100%        4
 Fulminant Prism          Conj/Hex       0%         3d5       100%        4
 Sticky Flame             Conj/Fire      0%         2d3       100%        4
 Summon Ice Beast         Ice/Summ       Unusable   N/A       N/A         4
 Simulacrum               Ice/Necr       Unusable   N/A       N/A         6

Dungeon Overview and Level Annotations

Branches:
Dungeon (4/15) Zot: 809    Temple (1/1) D:4 Zot: 383

Altars:
Ashenzari
Cheibriados
Dithmenos
Elyvilon
Fedhas
Gozag
Kikubaaqudgha
Makhleb
Okawaru
Qazlal
Ru
Sif Muna
Trog
Uskayaw
Wu Jian
Xom
Yredelemnul
Zin
The Shining One

Shops:
D:1 *   D:3 *


Innate Abilities, Weirdness & Mutations

You are a hulking beast.
Your limbs bulge with bestial killing power. (Slay +3)
You passively map a small area around you.
You are easily found by Zot.
You glow in the dark.
You regain HP and MP as you explore.


Message History

The gnoll bouda hits you with a +0 whip.
* * * LOW HITPOINT WARNING * * *
The gnoll hits you with a +2 spear of venom.
* * * LOW HITPOINT WARNING * * *
You are poisoned.
You hit the gnoll.
The gnoll is lightly wounded.
You feel sick. The gnoll barely misses you.
The gnoll bouda hits you with a +0 whip.
* * * LOW HITPOINT WARNING * * *
The gnoll hits you with a +2 spear of venom.
* * * LOW HITPOINT WARNING * * *
You hit the gnoll.
The gnoll is moderately wounded.
Your attacks no longer feel as feeble.
You feel sick. The gnoll barely misses you.
The gnoll bouda barks out a call to the hunt!
The gnolls pick up the pace!
You punch the gnoll!
The gnoll is almost dead.
You feel sick.
The gnoll hits you with a +2 spear of venom.
* * * LOW HITPOINT WARNING * * *
The gnoll barely misses you.
You punch the gnoll!
You kill the gnoll!
Okawaru accepts your kill.
The gnoll bouda hits you but does no damage.
The gnoll hits you with a +2 spear of venom!
* * * LOW HITPOINT WARNING * * *
You barely miss the gnoll bouda.
* * * LOW HITPOINT WARNING * * *
You feel sick.
The gnoll bouda hits you but does no damage.
The gnoll hits you with a +2 spear of venom.
* * * LOW MAGIC WARNING * * *
* * * LOW HITPOINT WARNING * * *
You hit the gnoll bouda.
The gnoll bouda is moderately wounded.
You die...

##### ###...###
##_#gh†#_##
##..#).g#..##
###...#...#...###
##_....#...#...._##
#....._#...#_.....#
#......#...#......#
#..._..#...#..._..#
#.....©#©.©#©.....#
#_.....#8.8#....._#


You could see a gnoll bouda and a gnoll (swift).

Vanquished Creatures
  Sigmund (D:3)
  6 gnolls
  3 adders (D:2)
  A dart slug (D:1)
  5 orcs (D:3)
  3 ball pythons
  5 bats
  4 endoplasms
  5 giant cockroaches
  7 goblins
  5 hobgoblins
  8 jackals
  A kobold (D:2)
  8 quokkas
  A frilled lizard (D:3)
  6 rats
69 creatures vanquished.

Notes
Turn   | Place    | Note
-------+----------+-------------------------------------------
     0 | D:1      | lunkers the Meteoran Shapeshifter began the quest for the
                  | Orb.
     0 | D:1      | Reached XP level 1. HP: 16/16 MP: 2/2
    72 | D:1      | Found Tiziwon's General Store.
    92 | D:1      | Reached XP level 2. HP: 21/23 MP: 3/3
    97 | D:1      | Reached skill level 4 in Unarmed Combat
   328 | D:1      | Reached XP level 3. HP: 28/28 MP: 4/4
   551 | D:2      | Reached XP level 4. HP: 35/35 MP: 5/5
   561 | D:2      | Identified the +0 buckler "Lunim" {Str+3}
   577 | D:2      | Reached skill level 5 in Unarmed Combat
   955 | D:3      | Reached XP level 5. HP: 24/40 MP: 3/6
  1254 | D:3      | Noticed Sigmund
  1265 | D:3      | Killed Sigmund
  1266 | D:3      | Reached skill level 7 in Unarmed Combat
  1266 | D:3      | Reached skill level 5 in Shapeshifting
  1266 | D:3      | Reached XP level 6. HP: 47/47 MP: 4/7
  1344 | D:3      | Found Leunag's Assorted Antiques.
  1513 | D:4      | Found a staircase to the Ecumenical Temple.
  1546 | Temple   | Found a transporter.
  1546 | Temple   | Found a transporter.
  1546 | Temple   | Found a transporter.
  1546 | Temple   | Found a transporter.
  1546 | Temple   | Entered the Ecumenical Temple
  1562 | Temple   | Became a worshipper of Warmaster Okawaru
  1633 | D:4      | Reached XP level 7. HP: 42/52 MP: 5/8
  1822 | Temple   | HP: 1/52 [gnoll/+2 spear of venom[a gnoll bouda] (2)]
  1823 | Temple   | Succumbed to a gnoll's poison

Illustrated notes

Levels and vault maps discovered:
D:1:      dpeg_arrival_windows_large_door, layout_basic, serial_shops, shop,
          ebering_ecumenical_altar_petrified
D:2:      layout_loops_cross
D:3:      cheibrodos_old_hovel, layout_loops_corners, serial_shops,
          nicolae_shop_dealshenge, kennysheep_pointless_box,
          hangedman_decor_opposing, uniq_sigmund
D:4:      layout_gridville, minmay_temple_entry_mini_moons
Temple:   hellmonk_temple_divided_pantheon

Skill      XL: |  1  2  3  4  5 |
---------------+----------------+-----
Unarmed Combat | 4 5 7 |  7.2
Shapeshifting  | 4 5 |  5.2
Fighting       | |  1.1
Dodging        | |  2.1

Action                     |  1- 3 |  4- 6 |  7- 9 || total
---------------------------+-------+-------+-------++-------
  Melee: Unarmed           |    51 |    93 |    22 ||   166
         Punch             |       |     1 |       ||     1
    Use: Potion            |       |     1 |       ||     1
         Scroll            |       |     6 |       ||     6
   Stab: Sleeping          |       |     1 |       ||     1
 Armour: Animal skin       |     7 |     9 |       ||    16
         Ring mail         |       |    23 |    16 ||    39
         Skin              |       |     3 |       ||     3
  Dodge: Dodged            |    27 |    54 |    30 ||   111

Table legend: (Time is in decaauts)
 A = Elapsed time spent in this place.
 B = Non-inter-level travel time spent in this place.
 C = Inter-level travel time spent in this place.
 D = Time resting spent in this place.
 E = Time spent auto-exploring this place.
 F = Levels seen in this place.
 G = Mean time per level.
                   A        B        C        D        E       F      G
               +--------+--------+--------+--------+--------+-----+--------+
         Total |   1807 |   1631 |    176 |    134 |    926 |   5 |  361.4 |
       Dungeon |   1590 |   1414 |    176 |     34 |    926 |   4 |  397.5 |
        Temple |    217 |    217 |      0 |    100 |      0 |   1 |  217.0 |
               +--------+--------+--------+--------+--------+-----+--------+

Top non-repeatable levels by time:
     D:3: 614 daAuts
     D:1: 423 daAuts
     D:2: 369 daAuts
  Temple: 217 daAuts
     D:4: 182 daAuts
